 Dungeon Crawl Stone Soup version 0.21.0-3-g78d12a8 (webtiles) character file.

77 loralnil the Skirmisher (level 4, -2/41 HPs)
             Began as a Gnoll Wanderer on Jan 17, 2018.
             Slain by an orc priest
             ... wielding a +0 club
              (3 damage)
             ... on level 2 of the Dungeon.
             The game lasted 00:02:39 (1237 turns).

loralnil the Skirmisher (Gnoll Wanderer)            Turns: 1237, Time: 00:02:40

Health: -2/41      AC:  2    Str: 13    XL:     4   Next: 34%
Magic:  5/5        EV: 12    Int: 17    God:
Gold:   70         SH:  0    Dex: 14    Spells: 5/5 levels left

rFire    . . .     SeeInvis .   k - +0 glaive
rCold    . . .     Gourm    .   (shield currently unavailable)
rNeg     . . .     Faith    .   d - +0 robe
rPois    .         Spirit   .   (no helmet)
rElec    .         Reflect  .   (no cloak)
rCorr    .         Harm     .   (no gloves)
MR       .....                  (no boots)
Stlth    +.........             (no amulet)
HPRegen  0.13/turn              (no ring)
MPRegen  0.09/turn              (no ring)

@: confused
A: distributed training, fangs 1, strong nose
a: no special abilities


You were on level 2 of the Dungeon.
You were very hungry.

You visited 1 branch of the dungeon, and saw 2 of its levels.

You collected 70 gold pieces.

Inventory:

Hand Weapons
 e - a +0 dagger
 k - a +0 glaive (weapon)
Armour
 c - a +0 shield
 d - a +0 robe (worn)
Scrolls
 a - a scroll of identify {unknown}
 b - a scroll of teleportation
 j - a scroll of enchant armour {unknown}
Comestibles
 f - 6 rations


   Skills:
 + Level 6.6 Fighting
 + Level 2.7 Short Blades
 + Level 1.1 Long Blades
 + Level 1.1 Axes
 + Level 1.1 Maces & Flails
 + Level 1.1 Polearms
 + Level 4.6 Staves
 + Level 1.1 Slings
 + Level 1.1 Bows
 + Level 1.1 Crossbows
 + Level 2.7 Throwing
 + Level 1.1 Armour
 + Level 1.1 Dodging
 + Level 4.2 Stealth
 + Level 2.7 Shields
 + Level 1.1 Unarmed Combat
 + Level 1.1 Spellcasting
 + Level 0.8 Conjurations
 + Level 0.8 Hexes
 + Level 0.8 Charms
 + Level 0.8 Summonings
 + Level 0.8 Necromancy
 + Level 0.8 Translocations
 + Level 0.8 Transmutations
 + Level 0.8 Fire Magic
 + Level 0.8 Ice Magic
 + Level 0.8 Air Magic
 + Level 0.8 Earth Magic
 + Level 0.8 Poison Magic
 + Level 1.2 Invocations
 + Level 1.1 Evocations


You had 5 spell levels left.
You didn't know any spells.

Dungeon Overview and Level Annotations

Branches:
Dungeon (2/15)

Altars:
Gozag
Makhleb


Innate Abilities, Weirdness & Mutations

Your experience applies equally to all skills.
You have very sharp teeth.
Your uncanny sense of smell can sniff out nearby items.


Message History

It was a potion of magic.
Magic courses through your body.
The orc wizard points at you and mumbles some strange words.
You are more confused.
You miss the orc wizard. Your bite misses the orc wizard.
The orc wizard barely misses you.
You barely miss the orc wizard. The orc priest hits you with a club.
* * * LOW HITPOINT WARNING * * *
The orc wizard barely misses you. The orc priest barely misses you.
You bump into the rock wall.
The orc wizard hits you with a dagger.
* * * LOW HITPOINT WARNING * * *
The orc priest hits you with a club.
* * * LOW HITPOINT WARNING * * *
You barely miss the orc wizard. The orc wizard closely misses you.
The orc priest hits you with a club.
* * * LOW HITPOINT WARNING * * *
The orc wizard hits you with a dagger.
* * * LOW HITPOINT WARNING * * *
You miss the orc priest. The orc priest misses you.
The orc wizard barely misses you. The orc priest hits you with a club.
You die...

#...>........ .o
#...........# #o ####
#...........# #o #..#
####......... #. #..#
#......... #! #..#
............ #. #..#
####........
#)###o.####.##........
#.)oo@..รท...##########
###########.## #....#
#........# #....#
#........# #....#
#........# #....#
#######.### #<...#
#...# #...).
###.###....# #.#......#


You could see an orc priest, an orc wizard and an orc.

Vanquished Creatures
  Jessica (D:2)
  An adder (D:2)
  An adder skeleton (D:2)
  2 dart slugs
  A leopard gecko (D:1)
  2 orcs (D:2)
  4 giant cockroaches
  3 goblins
  2 hobgoblins
  2 jackals (D:1)
  2 kobolds (D:1)
  A ball python (D:1)
  3 bats
  3 frilled lizards (D:1)
  6 rats
34 creatures vanquished.

Notes
Turn   | Place    | Note
-------+----------+-------------------------------------------
     0 | D:1      | loralnil the Gnoll Wanderer began the quest for the Orb.
     0 | D:1      | loralnil set off with: a +2 quarterstaff, a scroll of teleportation, a +0 shield, a +0 robe, a +0 dagger, a ration
     0 | D:1      | Reached XP level 1. HP: 23/23 MP: 1/1
    37 | D:1      | Reached XP level 2. HP: 15/29 MP: 2/2
   516 | D:1      | Reached XP level 3. HP: 24/35 MP: 3/3
   673 | D:2      | Found an opulent altar of Gozag.
   769 | D:2      | Found a burning altar of Makhleb.
   816 | D:2      | Noticed Jessica
   822 | D:2      | Killed Jessica
   822 | D:2      | Reached skill level 1 in Long Blades
   822 | D:2      | Reached skill level 1 in Axes
   822 | D:2      | Reached skill level 1 in Maces & Flails
   822 | D:2      | Reached skill level 1 in Polearms
   822 | D:2      | Reached skill level 1 in Slings
   822 | D:2      | Reached skill level 1 in Bows
   822 | D:2      | Reached skill level 1 in Crossbows
   822 | D:2      | Reached skill level 1 in Armour
   822 | D:2      | Reached skill level 1 in Dodging
   822 | D:2      | Reached skill level 1 in Unarmed Combat
   822 | D:2      | Reached skill level 1 in Spellcasting
   822 | D:2      | Reached skill level 1 in Invocations
   822 | D:2      | Reached skill level 1 in Evocations
   827 | D:2      | Reached XP level 4. HP: 31/41 MP: 3/5
  1236 | D:2      | HP: 1/41 [orc wizard/dagger (3)]
  1237 | D:2      | Slain by an orc priest

Skill      XL: |  1  2  3 |
---------------+----------+-----
Long Blades    | 1 |  1.1
Axes           | 1 |  1.1
Maces & Flails | 1 |  1.1
Polearms       | 1 |  1.1
Slings         | 1 |  1.1
Bows           | 1 |  1.1
Crossbows      | 1 |  1.1
Armour         | 1 |  1.1
Dodging        | 1 |  1.1
Unarmed Combat | 1 |  1.1
Spellcasting   | 1 |  1.1
Invocations    | 1 |  1.2
Evocations     | 1 |  1.1
Fighting       | |  6.6
Short Blades   | |  2.7
Staves         | |  4.6
Throwing       | |  2.7
Stealth        | |  4.2
Shields        | |  2.7
Conjurations   | |  0.8
Hexes          | |  0.8
Charms         | |  0.8
Summonings     | |  0.8
Necromancy     | |  0.8
Translocations | |  0.8
Transmutations | |  0.8
Fire Magic     | |  0.8
Ice Magic      | |  0.8
Air Magic      | |  0.8
Earth Magic    | |  0.8
Poison Magic   | |  0.8

Action                   |  1- 3 |  4- 6 || total
-------------------------+-------+-------++-------
Melee: Quarterstaff      |    67 |    11 ||    78
       Bite              |     5 |     1 ||     6
       Glaive            |       |    26 ||    26
  Use: Potion            |       |     2 ||     2
 Stab: Sleeping          |     4 |       ||     4
Armor: Robe              |    19 |     4 ||    23
       Skin              |       |    16 ||    16
Dodge: Dodged            |    35 |    29 ||    64
